 Dungeon Crawl Stone Soup version 0.30-a0-719-gcc4359ea44 (webtiles) character file.

Game seed: 5909651855009104304

8108 Newt the Protected (level 11, -5/87 HPs)
             Began as a Demonspawn Gladiator on Jan 26, 2023.
             Was an Elder of Ashenzari.
             Slain by a yak (6 damage)
             ... on level 11 of the Dungeon.
             The game lasted 00:13:04 (9805 turns).

Newt the Protected (Demonspawn Gladiator)           Turns: 9805, Time: 00:13:04

Health: -5/87      AC: 14    Str: 16    XL:     11   Next: 5%
Magic:  0/34       EV: 13    Int: 12    God:    Ashenzari [****..]
Gold:   585        SH:  0    Dex: 19    Spells: 31/31 levels left

rFire   + . .      SeeInvis +    j - +9 rapier of the Lashed Black Moon {freeze, SInv Stlth+, Cun, Self} (curse)
rCold   . . .      Faith    .    M - orb "Ruined Augurer" {light, Comp, Elem} (curse)
rNeg    + + .      Spirit   +    n - +4 ring mail of the All-Knowing {rF+ Int+2 Stlth+, Elem, Evo} (curse)
rPois   +          Reflect  .    (helmet unavailable)
rElec   .          Harm     .    (no cloak)
rCorr   .          Rampage  .    (no gloves)
Will    .....      Clarity  +    L - -2 pair of boots "I Foresaw This" {rPois rN+ Str-4 Dex+4, Cun, Elem} (curse)
Stlth   +++                      (no amulet)
HPRegen 2.34/turn                q - ring of the Elysian Augur {rN+, Bglg, Fort} (curse)
MPRegen 0.48/turn                K - ring "Ensconced Awkwardness" {MP+9 Str+2, Melee, Evo} (curse)

@: glowing, studying 3 skills
A: horns 3, slimy green scales 2, powered by death 1, magic shield, magic
regeneration, magic link
a: Renounce Religion, Curse Item, Shatter the Chains


You were on level 11 of the Dungeon.
You worshipped Ashenzari.
Ashenzari was greatly pleased with you.
You visited 1 branch of the dungeon, and saw 11 of its levels.

You collected 585 gold pieces.

Inventory:

Hand Weapons
 a - a +0 rapier
 j - the cursed +9 rapier of the Lashed Black Moon (weapon) {freeze, SInv Stlth+, Cun, Self}
   (You acquired it on level 2 of the Dungeon)

   SInv:      It lets you see invisible.
   Stlth:     It makes you more stealthy.
   It has a curse which improves the following skills: Cunning: Dodging and
   Stealth.
   Introspection: Fighting and Spellcasting.
Missiles
 d - 5 throwing nets (quivered)
 e - a javelin
 m - 16 poisoned darts
 T - 6 datura-tipped darts
Armour
 b - a +0 leather armour
 c - a +0 helmet
 n - the cursed +4 ring mail of the All-Knowing (worn) {rF+ Int+2 Stlth+, Elem, Evo}
   (You found it on level 2 of the Dungeon)

   Int:       It affects your intelligence (+2).
   rF:        It protects you from fire.
   Stlth:     It makes you more stealthy.
   It has a curse which improves the following skills: Elements: Fire Magic, Ice
   Magic, Air Magic and Earth Magic.
   Evocations: Evocations.
 L - the cursed -2 pair of boots "I Foresaw This" (worn) {rPois rN+ Str-4 Dex+4, Cun, Elem}
   (You acquired it on level 7 of the Dungeon)

   Str:       It affects your strength (-4).
   Dex:       It affects your dexterity (+4).
   rPois:     It protects you from poison.
   rN:        It protects you from negative energy.
   It has a curse which improves the following skills: Cunning: Dodging and
   Stealth.
   Elements:  Fire Magic, Ice Magic, Air Magic and Earth Magic.
 M - the cursed orb "Ruined Augurer" (worn) {light, Comp, Elem}
   (You found it on level 9 of the Dungeon)

   It has a curse which improves the following skills: Companions: Summonings
   and Necromancy.
   Elements:  Fire Magic, Ice Magic, Air Magic and Earth Magic.
 Q - the +2 leather armour of Ceh Syim {+Inv SInv}
   (You found it on level 10 of the Dungeon)

   SInv:      It lets you see invisible.
   +Inv:      It lets you turn invisible.
Jewellery
 q - the cursed ring of the Elysian Augur (left hand) {rN+, Bglg, Fort}
   (You found it on level 2 of the Dungeon)

   [ring of positive energy]

   rN:        It protects you from negative energy.
   It has a curse which improves the following skills: Beguiling: Conjurations,
   Hexes and Translocations.
   Fortitude: Armour and Shields.
 K - the cursed ring "Ensconced Awkwardness" (right hand) {MP+9 Str+2, Melee, Evo}
   (You acquired it on level 7 of the Dungeon)

   [ring of magical power]

   Str:       It affects your strength (+2).
   MP:        It affects your magic capacity (+9).
   It has a curse which improves the following skills: Melee Combat: Short
   Blades, Long Blades, Axes, Maces & Flails, Polearms, Staves and Unarmed
   Combat.
   Evocations: Evocations.
 N - a +5 ring of evasion
 P - a +6 ring of intelligence
Wands
 v - a wand of mindburst (7)
 G - a wand of paralysis (2)
 R - a wand of flame (10)
Scrolls
 f - 15 scrolls of identify
 i - 2 scrolls of poison
 l - 6 scrolls of teleportation
 o - 5 scrolls of enchant armour
 r - 2 scrolls of vulnerability
 x - 3 scrolls of fog
 y - 3 scrolls of blinking
 C - a scroll of fear
 E - a scroll of silence
 F - 3 scrolls of enchant weapon
 H - 4 scrolls of amnesia
 J - 2 scrolls of brand weapon
Potions
 g - 4 potions of lignification
 h - a potion of attraction
 k - 2 potions of mutation
 p - 2 potions of resistance
 s - 2 potions of heal wounds
 t - 3 potions of brilliance
 u - 7 potions of curing
 w - 3 potions of ambrosia
 z - 2 potions of might
 A - 2 potions of magic
 B - a potion of cancellation
 D - 3 potions of flight
 I - a potion of invisibility
 O - a potion of berserk rage
Miscellaneous
 S - a box of beasts


   Skills:
 - Level 6.7(8.7) Fighting
 - Level 6.0(7.9) Short Blades
 - Level 1.7 Throwing
 - Level 9.9(11.8) Armour
 - Level 2.6(5.0) Dodging
 - Level 7.2(10.2) Stealth
 - Level 8.7(10.7) Spellcasting
 + Level 6.8(9.8) Evocations


You had 31 spell levels left.
You didn't know any spells.
Your spell library contained the following spells:

 Spells                   Type           Power      Damage    Failure   Level
 Cigotuvi's Dreadful Rot  Necr/Pois/Air  14%        N/A       24%         2
 Lesser Beckoning         Tloc           14%        N/A       24%         2
 Poisonous Vapours        Pois/Air       14%        N/A       24%         2
 Gell's Gravitas          Tloc           7%         N/A       43%         3
 Hailstorm                Conj/Ice       7%         3d4       43%         3
 Inner Flame              Hex/Fire       7%         N/A       43%         3
 Mephitic Cloud           Conj/Pois/Air  7%         N/A       43%         3
 Teleport Other           Tloc           7%         N/A       43%         3
 Vhi's Electric Charge    Tloc/Air       14%        N/A       43%         3
 Cause Fear               Hex            3%         N/A       85%         4
 Arcjolt                  Conj/Air       3%         1d13      99%         5
 Lightning Bolt           Conj/Air       3%         1d15      99%         5
 Metabolic Englaciation   Hex/Ice        3%         N/A       99%         5
 Ozocubu's Refrigeration  Ice            3%         4d8       100%        7
 Discord                  Hex            3%         N/A       100%        8
 Maxwell's Capacitive Co  Air            3%         ∞         100%        8


Dungeon Overview and Level Annotations

Branches:
Dungeon (11/15)            Temple (0/1) D:6
   Lair: D:8-11         Orc: D:9-12

Altars:
Ashenzari
Cheibriados
Hepliaklqana
Kikubaaqudgha
Ru
Sif Muna
Uskayaw
Xom

Annotations:
D:4 2 transporters


Innate Abilities, Weirdness & Mutations

You have a pair of large horns on your head.
You are mostly covered in slimy green scales. (AC +3)
You regenerate a little health from kills.
When hurt, damage is shared between your health and your magic reserves.
You regenerate magic rapidly.
When low on magic, you restore magic in place of health.


Message History

You are too injured to fight recklessly!
Unknown command.
You hit the yak. You freeze the yak.
You kill the yak!
The yak gores you. x2; The yak gores you but does no damage. x2
The yak closely misses you.
You puncture the yak! You freeze the yak.
You headbutt the yak, but do no damage.
The yak is moderately wounded.
The yak gores you.
* * * LOW HITPOINT WARNING * * *
The yak gores you!
* * * LOW HITPOINT WARNING * * *
The yak completely misses you. The yak gores you.
* * * LOW HITPOINT WARNING * * *
The yak gores you.
* * * LOW HITPOINT WARNING * * *
Unknown command.
You hit the yak. You freeze the yak.
The yak is heavily wounded.
Unknown command.
You completely miss the yak.
The yak is heavily wounded.
The yak gores you but does no damage. The yak misses you.
The yak gores you but does no damage. The yak gores you!
* * * LOW HITPOINT WARNING * * *
The yak closely misses you.
Unknown command.
You hit the yak. You freeze the yak. You headbutt the yak.
The yak is severely wounded.
The yak gores you. The yak gores you but does no damage. The yak gores you!
* * * LOW HITPOINT WARNING * * *
The yak misses you. The yak barely misses you.
Unknown command.
You puncture the yak! You freeze the yak.
You kill the yak!
The yak closely misses you. The yak gores you!
* * * LOW HITPOINT WARNING * * *
The yak misses you. The yak gores you!
You die...

, , * , ,,
##.######## * **
,,,,,
,,#.....(..<#
****
∆,#......#### **
#..###.# ####..#
#.# ######.....#
#.# #.........##
#.#
#...Y††...####.#
#...[@.......#.#
#...YYY..###.# *
##....##.....# *
, #.....##.###.
* ,** **
#..#.....#* * >
....#... .. ,, *
,** * #...*#.##*
# * , ....,.. *,
, * , *** * *


You could see 4 yaks.

Vanquished Creatures
  A stone giant (D:10)
  2 two-headed ogres (D:9)
  An unseen horror (D:10)
  An efreet (D:8)
  A shadow (D:10)
  Sigmund (D:6)
  A vampire (D:8)
  11 yaks
  A steam dragon (D:8)
  2 water moccasins
  An ice beast (D:6)
  A sky beast (D:8)
  3 orc warriors
  A black bear (D:6)
  2 ogres
  3 centaurs
  A phantom (D:4)
  A kobold brigand (D:10)
  Blork the orc (D:6)
  3 bullfrogs
  3 necrophages
  A scorpion (D:5)
  9 wights
  5 killer bees (D:9)
  2 howler monkeys
  A lava snake (D:10)
  2 gnoll boudas
  3 hounds
  2 jellies
  8 orc priests
  An iron imp (D:4)
  2 iguanas
  Ijyb (D:3)
  6 orc wizards
  Robin (D:3)
  10 gnolls
  6 adders
  A shadow imp (D:7)
  An ufetubus (D:7)
  2 worms (D:3)
  6 dart slugs
  40 orcs
  14 ball pythons
  7 endoplasms
  17 giant cockroaches
  17 goblins
  7 hobgoblins
  4 jackals
  11 kobolds
  5 quokkas
  4 bats
  3 frilled lizards
  7 rats
248 creatures vanquished.

Vanquished Creatures (others)
  An orc (D:8)
  4 fungi (D:3)
5 creatures vanquished.

Grand Total: 253 creatures vanquished

Notes
Turn   | Place    | Note
-------+----------+-------------------------------------------
     0 | D:1      | Newt the Demonspawn Gladiator began the quest for the Orb.
     0 | D:1      | Reached XP level 1. HP: 16/16 MP: 1/1
   126 | D:1      | Reached skill level 1 in Stealth
   192 | D:1      | Gained mutation: You are partially covered in slimy green
                  | scales. (AC +2) [demonic ancestry]
   192 | D:1      | Reached XP level 2. HP: 22/22 MP: 2/2
   432 | D:1      | Gained mutation: You are mostly covered in slimy green
                  | scales. (AC +3) [demonic ancestry]
   432 | D:1      | Reached XP level 3. HP: 28/28 MP: 3/3
   894 | D:2      | Found a faded altar of an unknown god.
   895 | D:2      | Identified the +4 ring mail of Ziox {rF+ Int+2 Stlth+}
   939 | D:2      | Prayed at the altar of an unknown god.
   939 | D:2      | Became a worshipper of Ashenzari the Shackled
  1399 | D:2      | Reached * piety under Ashenzari
  1399 | D:2      | Identified a scroll of acquirement
  1400 | D:2      | Acquired the +9 rapier of Feineqio {freeze, SInv Stlth+}
  1469 | D:2      | Found a shimmering altar of Xom.
  1577 | D:3      | Gained mutation: You have a pair of small horns on your
                  | head. [demonic ancestry]
  1577 | D:3      | Reached XP level 4. HP: 37/37 MP: 4/4
  1584 | D:3      | Found a hazy altar of Hepliaklqana.
  1596 | D:3      | Found a shimmering blue altar of Sif Muna.
  1837 | D:3      | Noticed Ijyb
  1861 | D:3      | Killed Ijyb
  2285 | D:3      | Noticed Robin
  2296 | D:3      | Killed Robin
  2297 | D:3      | Gained mutation: You regenerate magic rapidly. [demonic
                  | ancestry]
  2297 | D:3      | Reached XP level 5. HP: 33/42 MP: 5/5
  2419 | D:3      | Acquired a manual of Summonings
  2739 | D:4      | Reached ** piety under Ashenzari
  2750 | D:4      | Found a transporter.
  2819 | D:4      | Noticed a phantom
  2824 | D:4      | Killed a phantom
  2825 | D:4      | Gained mutation: You have a pair of horns on your head.
                  | [demonic ancestry]
  2825 | D:4      | Reached XP level 6. HP: 51/51 MP: 6/6
  2827 | D:4      | Reached skill level 5 in Short Blades
  2982 | D:4      | Found a hide-covered altar of Uskayaw.
  3304 | D:4      | Found a snail-covered altar of Cheibriados.
  3424 | D:4      | Found a transporter.
  3426 | D:4      | Noticed a fire bat
  3554 | D:4      | Found an ancient bone altar of Kikubaaqudgha.
  3612 | D:5      | Entered Level 5 of the Dungeon
  3632 | D:5      | Reached XP level 7. HP: 52/56 MP: 7/7
  3795 | D:5      | Identified the Octavo of Arctic Breath
  4355 | D:5      | Reached skill level 5 in Fighting
  4516 | D:6      | Noticed Sigmund
  4520 | D:6      | Killed Sigmund
  4585 | D:6      | Noticed Blork the orc
  4591 | D:6      | Killed Blork the orc
  4618 | D:6      | Gained mutation: When hurt, damage is shared between your
                  | health and your magic reserves. [demonic ancestry]
  4618 | D:6      | Reached XP level 8. HP: 68/68 MP: 8/8
  4652 | D:6      | Found a sacrificial altar of Ru.
  4728 | D:6      | Found a staircase to the Ecumenical Temple.
  5110 | D:6      | Reached skill level 5 in Stealth
  5172 | D:6      | Reached skill level 1 in Armour
  5173 | D:6      | Reached skill level 2 in Armour
  5202 | D:6      | Gained mutation: When low on magic, you restore magic in
                  | place of health. [demonic ancestry]
  5202 | D:6      | Reached XP level 9. HP: 55/74 MP: 9/9
  5329 | D:6      | Reached skill level 3 in Armour
  5880 | D:7      | Reached skill level 1 in Spellcasting
  6345 | D:7      | Acquired the ring of Pyromania {MP+9 Str+2}
  6349 | D:7      | Acquired the -2 pair of boots "Ehuz" {rPois rN+ Str-4
                  | Dex+4}
  6351 | D:7      | Acquired a manual of Spellcasting
  6493 | D:8      | Noticed an efreet
  6494 | D:8      | Killed an efreet
  6499 | D:8      | Reached skill level 5 in Spellcasting
  7078 | D:8      | Reached skill level 4 in Armour
  7118 | D:8      | Reached *** piety under Ashenzari
  7649 | D:9      | Reached skill level 5 in Armour
  7688 | D:9      | Noticed a two-headed ogre
  7698 | D:9      | Killed a two-headed ogre
  7699 | D:9      | Reached skill level 6 in Armour
  7699 | D:9      | Gained mutation: You have a pair of large horns on your
                  | head. [demonic ancestry]
  7699 | D:9      | Reached XP level 10. HP: 44/81 MP: 20/24
  7951 | D:9      | Reached skill level 7 in Armour
  8363 | D:10     | Entered Level 10 of the Dungeon
  8369 | D:10     | Reached skill level 8 in Armour
  8421 | D:10     | Noticed a stone giant
  8477 | D:10     | Reached **** piety under Ashenzari
  8520 | D:10     | Reached skill level 9 in Armour
  8560 | D:10     | Identified the +2 leather armour of Ceh Syim {+Inv SInv}
  8649 | D:10     | Identified the +5 long sword of Owilid {holy, *Rage rC+
                  | Int+5}
  8655 | D:10     | Found a shimmering altar of Xom.
  8666 | D:10     | Found a shimmering altar of Xom.
  8667 | D:10     | Found a shimmering altar of Xom.
  8668 | D:10     | Found a shimmering altar of Xom.
  8668 | D:10     | Found a shimmering altar of Xom.
  8720 | D:10     | Noticed a two-headed ogre
  8899 | D:10     | Noticed a guardian serpent
  8909 | D:10     | a guardian serpent changed into a cyclops
  8909 | D:10     | Noticed a cyclops (shapeshifter)
  8911 | D:10     | a cyclops changed into a two-headed ogre
  8911 | D:10     | Noticed a two-headed ogre (shapeshifter)
  9064 | D:10     | Reached skill level 1 in Evocations
  9128 | D:10     | Noticed a fire crab
  9129 | D:10     | Noticed an orb spider
  9135 | D:10     | an orb spider changed into a death drake
  9135 | D:10     | Noticed a death drake (shapeshifter)
  9357 | D:10     | Noticed a steelbarb worm
  9384 | D:9      | Killed a two-headed ogre
  9560 | D:10     | Killed a stone giant
  9561 | D:10     | Reached skill level 5 in Evocations
  9791 | D:11     | Gained mutation: You regenerate a little health from kills.
                  | [demonic ancestry]
  9791 | D:11     | Reached XP level 11. HP: 72/87 MP: 25/25
  9805 | D:11     | HP: 1/87 [yak (6)]
  9805 | D:11     | Slain by a yak

Illustrated notes

Levels and vault maps discovered:
D:1:      dpeg_arrival_rooms_with_view, layout_basic
D:2:      layout_loops_ring, nicolae_ecumenical_pavilion, basic_altar,
          minmay_tetromino_l2
D:3:      minmay_roachtagon, layout_basic, mainiacjoe_overflow_catch_the_wave,
          minmay_misc_feat_pillars, grunt_ministairs_9, uniq_robin, uniq_ijyb
D:4:      gammafunk_cloud_chamber, layout_loops_ring, slow_altar_1,
          kennysheep_mini_moat, mainiacjoe_overflow_alcove_4,
          hangedman_decor_lopped, wad_floor_pattern_untrapped,
          minmay_snake_closets
D:5:      layout_layer_cave
D:6:      layout_cave_pools, mainiacjoe_overflow_boulevard,
          minmay_temple_entry_statues_pillars, serial_co_window_serial,
          co_window_corner_a, co_window_paths_a, co_window_paths_a,
          co_window_of_opportunity_a, co_window_paths_a, co_window_cross_4,
          co_window_2corner, co_window_corner_cb, co_window_corner_cb,
          glass_columns_a, glass_columns_b, bh_walls_and_bars,
          uniq_blork_the_orc, uniq_sigmund
D:7:      layout_basic
D:8:      layout_basic, minmay_manual_mess
D:9:      layout_irregular_city
D:10:     layout_irregular_city, xom_shifter_show, grunt_ogre_cave,
          chequers_serial_rivers_room_a, kennysheep_island_fort
D:11:     layout_basic, lair_entry_dummy, gauntlet_entry_generic

Skill      XL: |  1  2  3  4  5  6  7  8  9 10 |
---------------+-------------------------------+-----
Stealth        | 1 2 3 7 |  7.2
Fighting       | 3 4 6 |  6.7
Short Blades   | 3 4 6 |  6.0
Armour         | 2 6 9 |  9.9
Spellcasting   | 8 |  8.7
Evocations     | 6 |  6.8
Throwing       | |  1.7
Dodging        | |  2.6

Action                     |  1- 3 |  4- 6 |  7- 9 | 10-12 || total
---------------------------+-------+-------+-------+-------++-------
  Melee: Rapier            |   127 |   141 |   250 |   107 ||   625
         Punch             |     1 |       |     3 |       ||     4
         Headbutt          |       |    19 |    48 |    30 ||    97
  Throw: Javelin           |     2 |       |       |       ||     2
         Throwing net      |     1 |       |       |       ||     1
         Dart              |       |       |       |     5 ||     5
 Invoke: Curse Item        |     2 |     1 |     2 |     1 ||     6
  Evoke: Wand              |       |       |       |     4 ||     4
    Use: Scroll            |     1 |     1 |     4 |       ||     6
         Potion            |       |     2 |       |       ||     2
   Stab: Sleeping          |     8 |    14 |    11 |     1 ||    34
         Distracted        |     1 |     1 |     1 |       ||     3
         Paralysed         |       |       |       |     1 ||     1
 Armour: Leather armour    |    38 |       |       |       ||    38
         Ring mail         |    19 |    61 |   110 |    43 ||   233
  Dodge: Dodged            |   100 |    73 |   139 |    90 ||   402

Table legend: (Time is in decaauts)
 A = Elapsed time spent in this place.
 B = Non-inter-level travel time spent in this place.
 C = Inter-level travel time spent in this place.
 D = Time resting spent in this place.
 E = Time spent auto-exploring this place.
 F = Levels seen in this place.
 G = Mean time per level.
                   A        B        C        D        E       F      G
               +--------+--------+--------+--------+--------+-----+--------+
         Total |   9763 |   9391 |    372 |   1044 |   6646 |  11 |  887.5 |
       Dungeon |   9763 |   9391 |    372 |   1044 |   6646 |  11 |  887.5 |
               +--------+--------+--------+--------+--------+-----+--------+

Top non-repeatable levels by time:
     D:6: 1209 daAuts
     D:3: 1143 daAuts
     D:9: 1106 daAuts
     D:8: 1104 daAuts
    D:10: 1098 daAuts
     D:5: 900 daAuts
     D:1: 900 daAuts
     D:4: 898 daAuts
     D:7: 690 daAuts
     D:2: 679 daAuts
    D:11: 32 daAuts
